Map: Terraform LE (Void)

Players

SolaCe (Nina) - Winner!

  • Race: Protoss Protoss
  • League: Diamond

Spellchansky

  • Race: Protoss Protoss
  • League: Master

Event: ASL Season 5 Prime League LOTV Beta

VOD

Have the link to the VOD?

Description

Time

  • Played on: Sept. 19, 2015, 9:58 p.m.
  • Length: 23:12

All games in this series

Show
View Real Time Build Order
Export as new Build Order

SolaCe Protoss - Winner!

Build Orders:  

Get SALT Encoding   

  12  0:00  Probe (Chrono Boost)  
  13  0:10  Probe (Chrono Boost)  
  14  0:18  Pylon  
  14  0:22  Probe (Chrono Boost)  
  15  0:36  Probe (Chrono Boost)  
  15  0:37  Gateway  
  16  0:45  Probe (Chrono Boost)  
  17  0:50  Assimilator  
  17  0:54  Assimilator  
  17  0:55  Probe (Chrono Boost)  
  18  1:05  Probe (Chrono Boost)  
  18  1:09  Gateway  
  19  1:15  Probe (Chrono Boost)  
  20  1:24  Pylon  
  20  1:25  Probe (Chrono Boost)  
  21  1:38  Cybernetics Core  
  21  1:40  Probe (Chrono Boost)  
  22  1:50  Probe (Chrono Boost)  
  23  2:00  Probe (Chrono Boost)  
  24  2:11  Warp Gate (Chrono Boost)  
  24  2:14  Stalker x2, Mothership Core (Chrono Boost)  
  30  2:29  Pylon  
  30  2:32  Probe (Chrono Boost)  
  31  2:47  Stalker x2  
  35  3:11  Nexus  
  35  3:23  Probe  
  36  3:28  Robotics Facility  
  36  3:38  Probe  
  35  3:50  Probe  
  35  3:52  Forge  
  36  4:02  Probe  
  37  4:08  Sentry  
  39  4:21  Probe, Warp Prism (Chrono Boost)  
  39  4:22  Pylon  
  39  4:23  Probe  
  43  4:29  Protoss Ground Weapons Level 1  
  43  4:31  Probe  
  43  4:32  Adept  
  43  4:34  Adept  
  43  4:35  Probe  
  49  4:41  Probe  
  50  4:47  Probe  
  50  4:51  Probe  
  51  4:55  Gateway  
  51  4:57  Adept  
  51  4:59  Probe  
  55  5:00  Adept  
  55  5:01  Probe  
  58  5:11  Probe x2  
  60  5:17  Pylon  
  60  5:21  Probe  
  60  5:23  Probe  
  60  5:25  Gateway  
  60  5:27  Robotics Bay  
  62  5:33  Probe  
  63  5:40  Twilight Council, Adept  
  63  5:41  Probe  
  66  5:44  Probe, Assimilator x2  
  67  5:53  Probe  
  68  6:00  Probe  
  69  6:06  Probe  
  70  6:12  Pylon  
  70  6:23  Pylon, Charge  
  70  6:24  Gravitic Drive  
  70  6:25  Probe  
  70  6:26  Nexus  
  70  6:30  Probe  
  70  6:39  Probe  
  68  6:49  Photon Cannon  
  68  6:51  Protoss Ground Weapons Level 2  
  68  6:52  Probe, Observer (Chrono Boost), Pylon  
  70  6:55  Adept x3  
  70  6:56  Probe, Pylon  
  77  7:04  Probe  
  78  7:10  Pylon  
  78  7:13  Disruptor (Chrono Boost)  
  81  7:16  Gateway  
  81  7:18  Probe  
  80  7:22  Zealot  
  80  7:23  Probe, Zealot x2  
  87  7:30  Gateway  
  87  7:32  Probe  
  87  7:35  Probe  
  88  7:42  Assimilator  
  89  7:45  Assimilator  
  89  7:46  Templar Archives  
  89  7:50  Disruptor (Chrono Boost)  
  92  7:59  Photon Cannon  
  92  8:07  Zealot x2  
  92  8:12  Pylon  
  96  8:18  Zealot  
  98  8:26  Disruptor (Chrono Boost)  
  98  8:31  Zealot x4  
  98  8:33  Probe  
  110  8:39  Pylon  
  110  8:46  Probe  
  111  8:52  High Templar x5  
  121  8:58  Disruptor (Chrono Boost)  
  121  9:02  High Templar, Archon x2  
  124  9:06  Probe  
  124  9:08  Probe  
  128  9:14  Archon  
  128  9:16  Protoss Ground Weapons Level 3  
  128  9:20  Nexus  
  128  9:31  High Templar x2  
  128  9:35  Pylon  
  128  9:36  Pylon  
  128  9:37  Photon Cannon  
  128  9:38  Archon  
  132  9:40  Photon Cannon  
  132  9:42  Pylon  
  132  9:51  Disruptor (Chrono Boost)  
  132  9:56  Pylon  
  135  10:18  Stargate  
  135  10:19  Stargate  
  135  10:21  Disruptor (Chrono Boost)  
  131  10:26  Pylon x2  
  134  10:28  Pylon  
  134  10:32  Pylon  
  134  10:36  Gateway  
  134  10:38  Gateway, Zealot x3  
  134  10:40  Gateway, High Templar x2  
  142  10:43  Gateway  
  142  10:47  Archon  
  142  10:54  Disruptor (Chrono Boost)  
  141  11:07  Protoss Air Weapons Level 1  
  141  11:08  Fleet Beacon  
  141  11:12  Photon Cannon  
  141  11:14  Photon Cannon  
  141  11:15  Probe  
  141  11:17  Probe  
  143  11:38  Zealot x3, Assimilator x2  
  143  11:39  Zealot x3  
  155  11:44  Observer (Chrono Boost), Dark Shrine  
  155  12:00  Photon Cannon  
  155  12:02  High Templar x2  
  155  12:03  High Templar x2, Photon Cannon  
  155  12:04  High Templar x2  
  155  12:07  Archon x2  
  155  12:08  Archon  
  167  12:10  Tempest (Chrono Boost)  
  167  12:11  Tempest (Chrono Boost)  
  170  12:46  Probe  
  169  13:01  Pylon  
  169  13:05  Dark Templar x4, Tempest (Chrono Boost)  
  177  13:13  Tempest (Chrono Boost)  
  177  13:15  Pylon  
  177  13:19  Protoss Shields Level 1  
  181  13:32  Archon  
  181  13:33  Warp Prism  
  183  13:34  Archon  
  183  13:35  Nexus  
  183  13:41  Zealot  
  183  13:47  Pylon x2  
  185  13:53  Tempest (Chrono Boost), Pylon  
  189  14:05  Pylon  
  189  14:08  Tempest (Chrono Boost)  
  189  14:16  Dark Templar x2  
  196  14:19  Observer  
  196  14:23  Archon  
  197  14:55  Photon Cannon  
  197  14:56  Photon Cannon  
  197  14:57  Tempest (Chrono Boost)  
  199  15:14  Protoss Air Weapons Level 2  
  199  15:19  Observer  
  199  15:26  Tempest (Chrono Boost)  
  195  15:47  Void Ray (Chrono Boost)  
  187  16:13  Tempest (Chrono Boost)  
  191  16:22  Tempest (Chrono Boost), Disruptor  
  121  16:48  Tempest (Chrono Boost)  
  122  16:57  Tempest (Chrono Boost)  
  122  16:58  Dark Templar x2  
  122  16:59  Dark Templar x2, Observer  
  122  17:00  Dark Templar x3  
  137  17:12  Archon x3  
  137  17:15  Photon Cannon  
  137  17:16  Photon Cannon  
  137  17:17  Zealot x2  
  137  17:18  Nexus  
  137  17:19  Disruptor  
  137  17:21  Tempest (Chrono Boost)  
  144  17:24  Pylon  
  144  17:27  Pylon  
  144  17:29  Pylon  
  148  17:33  Tempest  
  152  17:43  Probe  
  152  17:44  Probe x2  
  155  17:55  Stalker x2, Disruptor  
  155  17:56  Stalker  
  155  17:58  Zealot x5  
  168  18:02  Dark Templar  
  158  18:15  Tempest  
  158  18:23  Tempest  
  145  18:36  Observer  
  145  18:37  Zealot x3  
  152  18:48  Photon Cannon  
  152  18:57  Disruptor  
  155  19:06  Dark Templar  
  155  19:32  Warp Prism  
  155  19:35  Oracle (Chrono Boost)  
  160  19:51  Tempest (Chrono Boost)  
  160  19:59  Assimilator  
  162  20:00  Assimilator  
  162  20:03  Photon Cannon  
  162  20:08  Disruptor, Photon Cannon  
  162  20:09  Nexus  
  162  20:10  Photon Cannon  
  162  20:11  Pylon x2  
  165  20:16  Pylon  
  165  20:22  Zealot x2  
  169  20:29  Tempest x2 (Chrono Boost)  
  175  20:37  Zealot  
  175  20:38  Zealot x3  
  183  20:44  Disruptor  
  171  21:20  Disruptor  
  132  21:42  Zealot x4  
  132  21:43  Zealot x4  
  148  21:55  Dark Templar, Disruptor  
  148  21:57  Tempest (Chrono Boost)  
  153  22:15  Tempest (Chrono Boost)  
  145  22:17  Assimilator  
  149  22:23  Assimilator  
  149  22:27  Zealot x4  
  149  22:28  Zealot  
  149  22:29  Photon Cannon  
  159  22:31  Disruptor  
  157  22:37  Dark Templar  
  157  22:39  Dark Templar  
Show
View Real Time Build Order
Export as new Build Order

Spellchansky Protoss 

Build Orders:  

Get SALT Encoding   

  12  0:00  Probe (Chrono Boost)  
  13  0:10  Probe (Chrono Boost)  
  14  0:18  Pylon  
  14  0:20  Probe (Chrono Boost)  
  15  0:36  Probe (Chrono Boost)  
  15  0:38  Gateway  
  16  0:46  Probe (Chrono Boost)  
  16  0:49  Assimilator  
  17  0:51  Assimilator  
  17  0:56  Probe (Chrono Boost)  
  18  1:02  Pylon  
  18  1:06  Probe (Chrono Boost)  
  19  1:16  Probe (Chrono Boost)  
  20  1:26  Cybernetics Core, Probe (Chrono Boost)  
  21  1:35  Probe (Chrono Boost)  
  22  1:45  Probe (Chrono Boost)  
  23  1:55  Probe (Chrono Boost)  
  24  2:05  Mothership Core (Chrono Boost), Adept (Chrono Boost), Warp Gate  
  28  2:08  Pylon  
  28  2:25  Probe (Chrono Boost)  
  29  2:30  Stalker (Chrono Boost)  
  31  2:41  Nexus  
  31  2:44  Probe  
  32  2:51  Robotics Facility  
  32  2:57  Adept (Chrono Boost)  
  34  3:03  Probe  
  35  3:12  Gateway  
  35  3:36  Probe  
  35  3:38  Observer (Chrono Boost)  
  35  3:40  Gateway  
  37  3:53  Pylon  
  37  3:55  Immortal (Chrono Boost)  
  37  3:59  Probe  
  41  4:06  Probe  
  42  4:12  Probe  
  43  4:19  Probe  
  44  4:25  Sentry, Forge  
  44  4:27  Immortal (Chrono Boost)  
  50  4:31  Probe  
  50  4:32  Probe  
  52  4:41  Probe, Pylon  
  52  4:43  Pylon  
  53  4:47  Probe  
  53  4:51  Probe  
  54  4:58  Protoss Ground Weapons Level 1  
  54  4:59  Probe  
  56  5:01  Probe, Assimilator  
  57  5:11  Probe x2  
  59  5:15  Photon Cannon x2  
  59  5:21  Probe  
  59  5:23  Probe, Robotics Bay  
  61  5:28  Assimilator  
  61  5:31  Probe  
  61  5:35  Probe  
  63  5:39  Immortal (Chrono Boost)  
  63  5:41  Probe  
  68  5:50  Probe  
  69  6:02  Adept x2  
  69  6:03  Adept  
  75  6:11  Disruptor (Chrono Boost)  
  75  6:12  Pylon  
  77  6:37  Nexus  
  73  6:40  Disruptor (Chrono Boost)  
  73  6:45  Twilight Council  
  73  6:46  Gateway  
  76  6:49  Probe, Gateway  
  76  6:50  Probe, Pylon  
  76  6:51  Gateway  
  78  7:01  Probe, Pylon  
  79  7:07  Probe  
  79  7:09  Disruptor (Chrono Boost)  
  83  7:15  Pylon  
  83  7:19  Adept  
  83  7:20  Adept x2  
  83  7:21  Protoss Ground Weapons Level 2  
  89  7:23  Probe  
  89  7:24  Probe  
  91  7:34  Probe  
  91  7:35  Probe  
  93  7:37  Charge (Chrono Boost)  
  93  7:39  Disruptor (Chrono Boost)  
  93  7:42  Assimilator  
  96  7:45  Assimilator  
  96  7:49  Templar Archives, Probe  
  97  8:02  Probe  
  97  8:03  Probe  
  97  8:05  Probe  
  100  8:08  Photon Cannon  
  100  8:12  Probe  
  100  8:14  Colossus, Pylon  
  100  8:15  Probe  
  102  8:31  High Templar x2  
  102  8:33  Zealot x2, High Templar x2  
  114  8:34  Archon  
  114  8:35  Archon  
  114  8:55  Gateway  
  114  8:56  Gateway  
  114  8:57  Gateway  
  114  9:01  Blink (Chrono Boost)  
  110  9:06  Stalker x4  
  110  9:08  Warp Prism  
  110  9:09  Probe  
  121  9:10  Probe  
  121  9:11  Pylon  
  121  9:13  Protoss Ground Weapons Level 3  
  121  9:16  Probe  
  123  9:22  Probe  
  121  9:26  Robotics Facility  
  121  9:32  High Templar x2  
  125  9:39  Probe  
  125  9:41  Nexus  
  125  9:43  Colossus  
  132  9:55  Zealot x2, Archon  
  132  9:56  Zealot x2  
  140  10:05  Pylon x2  
  140  10:08  Pylon x2  
  135  10:28  Colossus  
  135  10:34  Pylon  
  141  10:37  Colossus  
  141  10:41  High Templar x3  
  153  10:44  Archon  
  153  10:46  Pylon  
  147  11:04  Stalker x4  
  147  11:05  Stalker  
  157  11:16  Probe  
  157  11:18  Probe  
  157  11:22  Disruptor  
  162  11:30  Disruptor  
  162  11:32  Assimilator  
  163  11:36  Assimilator  
  163  11:38  High Templar  
  165  11:40  Photon Cannon  
  165  11:42  Photon Cannon  
  165  11:43  Photon Cannon  
  165  11:48  Photon Cannon  
  165  11:51  Archon, Photon Cannon  
  165  11:56  Photon Cannon  
  165  11:58  Disruptor  
  168  12:06  Disruptor  
  163  12:22  Dark Shrine, Photon Cannon  
  163  12:24  High Templar  
  163  12:25  Zealot x3, High Templar  
  163  12:26  Pylon, Zealot x2  
  163  12:29  Archon  
  177  12:33  Disruptor  
  178  12:48  Zealot x3  
  178  12:49  Zealot  
  184  12:56  Disruptor  
  183  13:09  Disruptor  
  170  13:16  Pylon  
  170  13:18  Pylon  
  166  13:20  High Templar x3  
  166  13:21  High Templar  
  166  13:23  Archon x2  
  174  13:30  Protoss Shields Level 1, Photon Cannon  
  174  13:32  Observer, Photon Cannon  
  175  13:39  High Templar x2  
  179  13:42  Dark Templar x2  
  179  13:43  Nexus  
  179  13:45  Observer, Archon  
  179  13:47  Pylon  
  184  13:55  Photon Cannon  
  190  13:58  Pylon  
  190  14:00  Pylon  
  190  14:09  Pylon  
  190  14:30  Stalker  
  190  14:31  Stalker x2  
  199  14:39  Warp Prism  
  199  14:40  Observer  
  199  14:45  Dark Templar x4  
  199  15:21  Assimilator  
  193  15:51  Observer x2  
  186  16:11  Disruptor  
  186  16:12  Observer  
  186  16:16  High Templar x4  
  186  16:18  Archon  
  195  16:19  Archon  
  178  16:33  Observer, Zealot x3  
  178  16:34  Zealot x2  
  152  16:50  High Templar x2  
  152  16:51  High Templar x2  
  154  16:56  Stalker x3  
  154  16:57  Stalker, Archon  
  154  16:58  Archon  
  150  17:10  Assimilator  
  150  17:15  Stalker  
  152  17:23  Pylon  
  152  17:28  Stalker x5, Pylon  
  152  17:29  Stalker x3  
  168  17:30  Nexus  
  168  17:34  Assimilator  
  168  17:35  Photon Cannon x2  
  168  17:36  Photon Cannon  
  168  17:40  Assimilator  
  168  17:41  Observer x2  
  168  17:53  Zealot x2  
  168  17:54  Dark Templar x2, Zealot  
  168  17:55  Zealot x4  
  170  18:16  Stalker  
  170  18:17  Stalker x5  
  176  18:20  Zealot  
  117  18:27  Zealot x2  
  117  18:28  Probe  
  76  18:47  Stalker x7  
  76  18:48  Stalker  
  86  19:04  Gateway  
  86  19:05  Gateway  
  86  19:09  Gateway  
  86  19:10  Stalker x2, Gateway  
  86  19:11  Stalker x4  
  86  19:15  Stalker x3, Gateway  
  104  19:20  Gateway  
  104  19:21  Gateway  
  104  19:35  Stalker x5  
  104  19:36  Stalker  
  115  19:38  Stalker  
  115  19:39  Stalker x2  
  119  19:59  Dark Templar, Zealot  
  123  20:11  Pylon  
  123  20:26  Nexus  
  122  20:32  Stalker x3  
  122  20:33  Stalker x5  
  122  20:34  Stalker x3  
  144  20:35  Zealot  
  144  20:36  Zealot x3  
  141  21:01  Stalker x2  
  141  21:02  Stalker, Zealot x2  
  141  21:03  Zealot x2  
  141  21:04  Zealot x4  
  142  21:06  Warp Prism  
  97  21:26  Stalker x4  
  97  21:29  Probe  
  77  21:55  Stalker x3, Zealot  
  85  22:17  Stalker x3  
  86  22:47  Stalker x3  
  86  22:48  Stalker  
Tags
 
Add a new tag
Caveats
  • Supply blocks, unpowered buildings, or Contaminate may cause inaccurate times.
  • Supply counts are checked every 10 seconds.